 Dungeon Crawl Stone Soup version 0.32-a0-411-g744942f433 (webtiles) character file.

Game seed: 11123514451046445460

7066 ezpacito the Trooper (level 10, -12/84 HPs)
             Began as a Demonspawn Chaos Knight on Feb 21, 2024.
             Was a Plaything of Xom.
             Mangled by a komodo dragon (28 damage)
             ... on level 9 of the Dungeon.
             The game lasted 00:14:40 (7100 turns).

ezpacito the Trooper (Demonspawn Chaos Knight)      Turns: 7100, Time: 00:14:41

Health: -12/84     AC: 11    Str: 18    XL:     10   Next: 83%
Magic:  15/15      EV: 14    Int: 18    God:    Xom [*.....]
Gold:   1264       SH:  0    Dex: 13    Spells: 2/19 levels left

rFire   + . .        a - +0 hand axe (chaos)
rCold   + + +        (no shield)
rNeg    . . .        f - +2 robe of Limited Liability {rElec rC+}
rPois   +            (helmet restricted)
rElec   +            B - scarf {repulsion}
rCorr   .            D - +1 pair of gloves "Wima" {Str+3 Int+2 Slay+6}
SInv    .            o - +0 pair of boots
Will    .....        u - amulet of regeneration
Stlth   ++           g - ring of protection from fire
HPRegen 1.14/turn    z - ring of protection from cold
MPRegen 0.14/turn

%: repel missiles, clarity
@: no status effects
A: horns 1, icy blue scales 2, demonic guardian 1, clarity, clever 1, cold
resistance 2, low MP 1, poison resistance, robust 1
a: Renounce Religion


You were on level 9 of the Dungeon.
You worshipped Xom.
You were a special plaything of Xom.
You visited 2 branches of the dungeon, and saw 11 of its levels.

You collected 1264 gold pieces.

Inventory:

Hand Weapons
 a - a +0 hand axe of chaos (weapon)
 r - a +0 war axe
Missiles
 b - 4 javelins
 n - 10 poisoned darts (quivered)
 q - 3 boomerangs
 w - 2 throwing nets
Armour
 f - the +2 robe of Limited Liability (worn) {rElec rC+}
   (You found it on level 4 of the Dungeon)

   rC+:       It protects you from cold.
   rElec:     It insulates you from electricity.
 o - a +0 pair of boots (worn)
 B - a scarf of repulsion (worn)
 D - the +1 pair of gloves "Wima" (worn) {Str+3 Int+2 Slay+6}
   (You found it on level 6 of the Dungeon)

   Str+3:     It affects your strength (+3).
   Int+2:     It affects your intelligence (+2).
   Slay+6:    It affects your accuracy & damage with ranged weapons and melee
   (+6).
 G - a +0 troll leather armour
Magical Staves
 v - a staff of air
 y - a staff of alchemy
Jewellery
 g - a ring of protection from fire (left hand)
 u - an amulet of regeneration (around neck)
 z - a ring of protection from cold (right hand)
Talismans
 c - a blade talisman
Wands
 h - a wand of iceblast (14)
 p - a wand of flame (37)
 s - a wand of mindburst (14)
Scrolls
 e - 4 scrolls of teleportation
 j - a scroll of enchant armour
 k - 2 scrolls of fog
 l - 4 scrolls of noise
 m - a scroll of silence
 t - 3 scrolls of revelation
 x - a scroll of torment
Potions
 d - a potion of magic
Miscellaneous
 i - a lightning rod (4/4)


   Skills:
 * Level 6.4 Fighting
 * Level 6.0 Axes
 + Level 3.4 Throwing
 * Level 5.6 Armour
 * Level 5.2 Dodging
 + Level 3.7 Stealth
 * Level 5.0 Unarmed Combat
 * Level 5.1 Spellcasting
 + Level 1.5 Hexes
 + Level 3.4 Summonings
 + Level 2.0 Translocations
 + Level 2.6 Alchemy
 + Level 3.4 Evocations


You had 2 spell levels left.
You knew the following spells:

 Your Spells              Type           Power      Damage    Failure   Level
a - Scorch                Fire           8%         2d5       21%         2
b - Summon Cactus Giant   Summ           8%         N/A       99%         6
c - Gell's Gravitas       Tloc           11%        N/A       17%         3
d - Blink                 Tloc           22%        N/A       9%          2
e - Teleport Other        Tloc           11%        N/A       17%         3
f - Slow                  Hex            40%        N/A       7%          1

Your spell library contained the following spells:

 Spells                   Type           Power      Damage    Failure   Level
 Lesser Beckoning         Tloc           22%        N/A       9%          2
 Momentum Strike          Conj/Tloc      16%        3d8       13%         2
 Confusing Touch          Hex            10%        N/A       21%         3
 Sigil of Binding         Hex            10%        N/A       21%         3
 Vampiric Draining        Necr           4%         2d6       36%         3
 Flame Wave               Conj/Fire      4%         2d5       78%         4
 Conjure Ball Lightning   Conj/Air       2%         3x3d6     100%        6
 Discord                  Hex            5%         N/A       100%        8
 Disjunction              Tloc           5%         N/A       100%        8


Dungeon Overview and Level Annotations

Branches:
Dungeon (10/15)            Temple (1/1) D:5
   Lair: D:8-11         Orc: D:9-12

Altars:
Ashenzari
Cheibriados
Dithmenos
Fedhas
Gozag
Hepliaklqana
Kikubaaqudgha
Makhleb
Nemelex Xobeh
Okawaru
Qazlal
Sif Muna
Trog
Uskayaw
Vehumet
Wu Jian
Xom
Yredelemnul

Shops:
D:4 :


Innate Abilities, Weirdness & Mutations

You have a pair of small horns on your head.
You are mostly covered in icy blue scales. (AC +3)
A weak demonic guardian rushes to your aid.
You possess an exceptional clarity of mind.
Your mind is acute. (Int +4, Str/Dex -1)
Your flesh is very cold resistant. (rC++)
Your magical capacity is low. (-10% MP)
Your system is resistant to poisons. (rPois)
You are robust. (+10% HP)


Message History

You closely miss the orc warrior.
The orc warrior hits you with a +0 war axe!
You closely miss the orc warrior. "This might be better!"
The orc warrior evaporates and reforms as a komodo dragon!
The komodo dragon bites you!!
A demonic guardian appears!
You hit the komodo dragon.
The komodo dragon is poisoned.
The komodo dragon is lightly wounded.
The komodo dragon closely misses you.
You hit the komodo dragon but do no damage.
The komodo dragon is moderately wounded.
You closely miss the komodo dragon. The komodo dragon barely misses you.
The komodo dragon bites you!!
The orc wizard casts a spell.
The orc wizard flickers and vanishes!
Deactivating autopickup; reactivate with Ctrl-A.
The komodo dragon bites your iron imp.
Your iron imp hits the komodo dragon!
There is a stone staircase leading up here.
The komodo dragon bites you!!
* * * LOW HITPOINT WARNING * * *
Your iron imp barely misses the komodo dragon.
You climb upwards.
Reactivating autopickup.
There is a stone staircase leading down here.
Okay, then.
As you read the scroll of fear, it crumbles to dust.
You assume a fearsome visage.
The komodo dragon looks frightened!
Aiming: Iceblast
Press: ? - help, Shift-Dir - straight line, f - komodo dragon
Aim: a komodo dragon (fleeing)
The mass of ice explodes!
The iceblast engulfs the komodo dragon!
The komodo dragon is moderately wounded.
Your attack snaps the komodo dragon out of its fear.
As you read the scroll of fear, it crumbles to dust.
You assume a fearsome visage.
The komodo dragon resists with some effort.
The komodo dragon bites you!!
You die...
Xom snickers!

......#..# #####..#.#....#
......'..# #...'....#....####
##..>.#### #...#....#........
.#..#.##########...######....##..
.#..#.#.......##.......##....##'#
.#..#.#.......##.............#...
.#..#.#.......##...##..##....#...
.#....#.......##.l.##..##....#...
.######.......##@..##...>....#.##
.....##..###..#######........#.##
.....##..###..#######..#######.##
###........+.......#####.........
..#####....#.......#.............
......##'########'##.....##.....#
................................#
.........#............#.........#
.........#..##........#.........#


You could see a komodo dragon.

Vanquished Creatures
  2 two-headed ogres (D:10)
  A cyclops (D:9)
  Jeremiah (D:7)
  2 trolls
  A hornet (D:9)
  A wyvern (D:8)
  A wraith (D:9)
  3 yaks (D:10)
  A steam dragon (D:7)
  2 acid dragons
  2 black bears
  2 orc warriors
  An ice beast (D:6)
  A sky beast (D:4)
  3 centaurs
  2 phantoms
  2 gnoll sergeants
  5 scorpions
  2 wights
  9 killer bees (D:9)
  4 howler monkeys
  2 bombardier beetles
  A hound (D:6)
  4 orc priests
  A jelly (D:6)
  5 iguanas
  8 orc wizards
  A sleepcap (D:6)
  10 gnolls
  8 adders
  2 white imps (D:6)
  2 ribbon worms
  3 dart slugs
  12 orcs
  2 bats (D:1)
  5 endoplasms
  2 giant cockroaches
  3 goblins
  11 hobgoblins
  2 jackals (D:5)
  5 quokkas
  8 ball pythons
  A frilled lizard (D:3)
  11 kobolds
  4 rats
161 creatures vanquished.

Vanquished Creatures (collateral kills)
  Grinder (D:5)
  2 ogres
  A wight (D:7)
  2 bombardier beetles (D:5)
  An orc priest (D:3)
  A sleepcap (D:5)
  Ijyb (D:5)
  A gnoll bouda (D:3)
  5 iguanas
  4 gnolls (D:3)
  A shadow imp (D:5)
  An endoplasm (D:3)
  A giant cockroach (D:1)
  A hobgoblin (D:4)
  A jackal (D:5)
  A kobold (D:4)
  A quokka (D:5)
26 creatures vanquished.

Vanquished Creatures (others)
  A killer bee (D:10)
  A ribbon worm (D:4)
  An orc (D:8)
3 creatures vanquished.

Grand Total: 190 creatures vanquished

Notes
Turn   | Place    | Note
-------+----------+-------------------------------------------
     0 | D:1      | ezpacito the Demonspawn Chaos Knight began the quest for
                  | the Orb.
     0 | D:1      | Reached XP level 1. HP: 18/18 MP: 1/1
    14 | D:1      | Reached skill level 1 in Dodging
    26 | D:1      | Gained mutation: A weak demonic guardian rushes to your
                  | aid. [demonic ancestry]
    26 | D:1      | Reached XP level 2. HP: 23/24 MP: 2/2
   117 | D:1      | XOM: silly message
   130 | D:1      | Gained mutation: You are partially covered in icy blue
                  | scales. (AC +2) [demonic ancestry]
   130 | D:1      | Reached XP level 3. HP: 25/29 MP: 4/4
   151 | D:1      | Found a faded altar of an unknown god.
   531 | D:2      | Found a shadowy altar of Dithmenos.
   778 | D:2      | XOM: silly message
   782 | D:2      | Reached XP level 4. HP: 35/35 MP: 5/5
  1215 | D:2      | XOM: 6-stop teleportation journey
  1243 | D:2      | Reached skill level 1 in Spellcasting
  1421 | D:3      | Reached skill level 1 in Unarmed Combat
  1585 | D:3      | You fall into a shaft and drop 1 floor!
  1603 | D:4      | Reached XP level 5. HP: 38/41 MP: 6/6
  1614 | D:4      | Reached skill level 1 in Stealth
  1946 | D:3      | XOM: enchant monster (good)
  2190 | D:3      | Reached XP level 6. HP: 48/48 MP: 8/8
  2300 | D:4      | Found Qovub's Book Boutique.
  2311 | D:4      | Learned a level 2 spell: Scorch
  2318 | D:4      | Learned a level 6 spell: Summon Cactus Giant
  2372 | D:4      | Found a shimmering altar of Xom.
  2379 | D:4      | Noticed a sky beast
  2387 | D:4      | Reached skill level 1 in Throwing
  2406 | D:4      | Gained mutation: You are mostly covered in icy blue scales.
                  | (AC +3) [demonic ancestry]
  2406 | D:4      | Reached XP level 7. HP: 28/54 MP: 10/10
  2675 | D:4      | XOM: confuse monster(s)
  2686 | D:4      | XOM: cleaving
  2715 | D:4      | XOM: give mutation
  2715 | D:4      | Gained mutation: You have hidden genetic defects. [Xom's
                  | mischief]
  2742 | D:4      | Identified the +2 robe of Limited Liability {rElec rC+}
  2921 | D:5      | Entered Level 5 of the Dungeon
  2924 | D:5      | XOM: noise
  2929 | D:5      | XOM: potion effect (brilliance)
  2931 | D:5      | XOM: divination: magic mapping
  2932 | D:5      | Reached skill level 1 in Summonings
  2932 | D:5      | Reached skill level 1 in Evocations
  2934 | D:5      | XOM: smoke on damage
  2935 | D:5      | XOM: enchant monster (good)
  2939 | D:5      | Gained mutation: Armour fits poorly on your strangely
                  | shaped body. [hidden defects]
  2950 | D:5      | Reached XP level 8. HP: 26/61 MP: 10/12
  2968 | D:5      | Gained mutation: You sometimes lose your temper in combat.
                  | [hidden defects]
  2968 | D:5      | Lost mutation: You have hidden genetic defects. [hidden
                  | defects expressed]
  3005 | D:5      | Found a blossoming altar of Fedhas.
  3077 | D:5      | Noticed Grinder
  3080 | D:5      | Noticed Ijyb
  3084 | D:5      | Killed Grinder
  3086 | D:5      | Killed Ijyb
  3339 | D:5      | Found a staircase to the Ecumenical Temple.
  3342 | D:5      | XOM: give mutations
  3342 | D:5      | Gained mutation: Your system is resistant to poisons.
                  | (rPois) [Xom's grace]
  3342 | D:5      | Gained mutation: Your flesh is cold resistant. (rC+) [Xom's
                  | grace]
  3342 | D:5      | Gained mutation: You have a somewhat thin skeletal
                  | structure. (Dex +2, Stealth+) [Xom's grace]
  3342 | D:5      | Gained mutation: Your mind is acute. (Int +4, Str/Dex -1)
                  | [Xom's grace]
  3351 | D:5      | XOM: enchant monster (good)
  3378 | Temple   | Entered the Ecumenical Temple
  3444 | D:6      | XOM: 2-stop teleportation journey
  3486 | D:6      | Learned a level 3 spell: Gell's Gravitas
  3547 | D:6      | XOM: divination: detect creatures
  3551 | D:6      | Reached skill level 5 in Fighting
  3773 | D:6      | Reached skill level 1 in Alchemy
  3773 | D:6      | Reached XP level 9. HP: 60/68 MP: 14/14
  3926 | D:6      | Identified the +1 pair of gloves "Wima" {Str+3 Int+2
                  | Slay+6}
  3982 | D:6      | XOM: scenery: summon butterflies
  4134 | D:6      | XOM: summons friendly white imp
  4271 | D:7      | Noticed Jeremiah
  4284 | D:7      | Killed Jeremiah
  4302 | D:7      | XOM: scenery: 3 doors open, 1 doors close
  4461 | D:7      | Noticed a troll
  4470 | D:7      | XOM: cleaving
  4471 | D:7      | XOM: cast spell 'Fugue of the Fallen'
  4472 | D:7      | Killed a troll
  4473 | D:7      | Reached skill level 5 in Axes
  4611 | D:7      | Learned a level 2 spell: Blink
  4615 | D:7      | Learned a level 3 spell: Teleport Other
  4669 | D:7      | XOM: scenery: create altars
  4812 | D:7      | XOM: give mutations
  4812 | D:7      | Lost mutation: You have a somewhat thin skeletal structure.
                  | (Dex +2, Stealth+) [Xom's mischief]
  4812 | D:7      | Lost mutation: You sometimes lose your temper in combat.
                  | [Xom's mischief]
  4812 | D:7      | Gained mutation: You are robust. (+10% HP) [Xom's mischief]
  4975 | D:8      | Found Cogiadwafe's Antique Weapon Shop.
  4999 | D:7      | HP: 1/74 [steam dragon (8)]
  5000 | D:7      | XOM: confusion (+ monsters)
  5053 | D:7      | XOM: cast spell 'Summon Mana Viper'
  5087 | D:8      | XOM: chaos upgrade
  5178 | D:8      | Found a stormy altar of Qazlal.
  5180 | D:8      | Identified a scroll of acquirement
  5181 | D:8      | Acquired 693 gold pieces
  5363 | D:8      | XOM: smoke on damage
  5514 | D:8      | XOM: give mutations
  5514 | D:8      | Lost mutation: Armour fits poorly on your strangely shaped
                  | body. [Xom's mischief]
  5514 | D:8      | Gained mutation: You possess an exceptional clarity of
                  | mind. [Xom's mischief]
  5514 | D:8      | Gained mutation: Your flesh is very cold resistant. (rC++)
                  | [Xom's mischief]
  5604 | D:9      | Found an opulent altar of Gozag.
  5639 | D:9      | Reached skill level 5 in Armour
  5639 | D:9      | Gained mutation: You have a pair of small horns on your
                  | head. [demonic ancestry]
  5639 | D:9      | Reached XP level 10. HP: 14/83 MP: 16/16
  5896 | D:9      | Noticed a cyclops
  5910 | D:9      | Killed a cyclops
  5911 | D:9      | Reached skill level 1 in Translocations
  5949 | D:9      | XOM: summons 2 hostile shadow creatures
  5953 | D:9      | XOM: smoke on damage
  6086 | D:9      | XOM: give mutation
  6086 | D:9      | Gained mutation: Your magical capacity is low. (-10% MP)
                  | [Xom's mischief]
  6272 | D:9      | Learned a level 1 spell: Slow
  6666 | D:10     | Entered Level 10 of the Dungeon
  6768 | D:10     | Found a hazy altar of Hepliaklqana.
  6832 | D:10     | Noticed a two-headed ogre
  6841 | D:10     | Killed a two-headed ogre
  6842 | D:10     | Reached skill level 5 in Dodging
  6847 | D:10     | Reached skill level 1 in Hexes
  6870 | D:10     | Reached skill level 5 in Spellcasting
  6929 | D:10     | Noticed a two-headed ogre
  6937 | D:10     | Killed a two-headed ogre
  6938 | D:10     | Reached skill level 5 in Unarmed Combat
  6974 | D:10     | XOM: destruction
  6979 | D:10     | XOM: noise
  7091 | D:10     | XOM: polymorph orc warrior -> komodo dragon
  7100 | D:9      | Mangled by a komodo dragon

Illustrated notes

Levels and vault maps discovered:
D:1:      erik_arrival_blinker_ship, layout_rooms, basic_ecumenical_altar
D:2:      layout_basic, basic_altar, wad_floor_pattern_1
D:3:      layout_loops_cross, nicolae_grassy_gnolls
D:4:      layout_basic, xom_confusion_cloud, serial_shops,
          nicolae_shop_tiny_real_fake_doors, minmay_stone_trees_small
D:5:      layout_rooms, mainiacjoe_overflow_alcove_1,
          minmay_temple_entry_statues_fountains, uniq_ijyb, uniq_grinder
D:6:      layout_loops_ring, nicolae_tricolors
D:7:      layout_loops_ring, mainiacjoe_overflow_six_doors_small, uniq_jeremiah
D:8:      layout_rooms, mainiacjoe_overflow_cross_hatched, nicolae_stop_n_shop_1
D:9:      layout_stronghold, mainiacjoe_overflow_brackets,
          minmay_sticks_and_stones
D:10:     minmay_the_grid_3x2 [minmay_the_grid_medium_cups,
          minmay_the_grid_minigrid_small_alt, minmay_the_grid_minigrid_large,
          minmay_the_grid_x, minmay_the_grid_plusring,
          minmay_the_grid_prize_trominoes], layout_loops_corners,
          nicolae_ru_awakened_eye, mainiacjoe_overflow_chevrons, uniq_nergalle
Temple:   nicolae_temple_superstar

Skill      XL: |  1  2  3  4  5  6  7  8  9 10 |
---------------+-------------------------------+-----
Dodging        | 1 2 3 4 5 |  5.2
Armour         | 2 3 4 5 |  5.6
Axes           | 3 4 5 6 |  6.0
Spellcasting   | 1 2 3 4 5 |  5.1
Unarmed Combat | 1 2 3 4 5 |  5.0
Stealth        | 1 2 3 |  3.7
Fighting       | 4 5 6 |  6.4
Throwing       | 1 2 3 |  3.4
Summonings     | 1 2 3 |  3.4
Evocations     | 1 2 3 |  3.4
Alchemy        | 1 2 |  2.6
Translocations | 2 |  2.0
Hexes          | 1 |  1.5

Action                     |  1- 3 |  4- 6 |  7- 9 | 10-12 || total
---------------------------+-------+-------+-------+-------++-------
  Melee: Hand axe          |    93 |   106 |   346 |   131 ||   676
         Headbutt          |       |       |       |    31 ||    31
   Cast: Scorch            |       |       |     1 |       ||     1
  Evoke: Wand              |       |       |     1 |     9 ||    10
    Use: Scroll            |       |     6 |    12 |     7 ||    25
         Potion            |       |     6 |     5 |     4 ||    15
   Stab: Paralysed         |     1 |       |     1 |       ||     2
         Sleeping          |       |     6 |     7 |     1 ||    14
         Petrifying        |       |     1 |     1 |     1 ||     3
         Confused          |       |       |     7 |     1 ||     8
         Distracted        |       |       |     1 |       ||     1
         Petrified         |       |       |       |     1 ||     1
 Armour: Leather armour    |    53 |    80 |    57 |       ||   190
         Skin              |       |     3 |       |       ||     3
         Robe              |       |       |   252 |   119 ||   371
  Dodge: Dodged            |    68 |    67 |   286 |   113 ||   534
         Repelled          |       |       |     1 |     2 ||     3

Table legend: (Time is in decaauts)
 A = Elapsed time spent in this place.
 B = Non-inter-level travel time spent in this place.
 C = Inter-level travel time spent in this place.
 D = Time resting spent in this place.
 E = Time spent auto-exploring this place.
 F = Levels seen in this place.
 G = Mean time per level.
                   A        B        C        D        E       F      G
               +--------+--------+--------+--------+--------+-----+--------+
         Total |   7168 |   6713 |    455 |    285 |   4652 |  11 |  651.6 |
       Dungeon |   7166 |   6711 |    455 |    285 |   4651 |  10 |  716.6 |
        Temple |      2 |      2 |      0 |      0 |      1 |   1 |    2.0 |
               +--------+--------+--------+--------+--------+-----+--------+

Top non-repeatable levels by time:
     D:9: 1217 daAuts
     D:3: 915 daAuts
     D:6: 858 daAuts
     D:2: 799 daAuts
     D:7: 781 daAuts
     D:4: 681 daAuts
     D:8: 549 daAuts
     D:1: 542 daAuts
     D:5: 524 daAuts
    D:10: 296 daAuts
  Temple: 2 daAuts
